cohdb
Replays
Latest Replays
All Replays
Popular Replays
Top Player Replays
Match Explorer
How It Works
Community
CoH3 Stats
Reddit
Sign in to upload your games and track your stats! →
Sign in with Steam
Match 40943308
Unlisted
Match 40943308
Overview
Messages
Build Orders
End
Engineer Squad
Construct Barracks
1⁄4-ton 4x4 Truck
Riflemen Squad
Riflemen Squad
Grenade Package
Construct Weapon Support Center
Construct Medical Station
Mechanized Support Center
Construct Motor Pool
M8 Greyhound Armored Car
Improvised Armor
Mortar Pit
Construct Tank Depot
M4A1 Sherman Medium Tank
M1919 Machine Gun Team
Salvage Crew
Designate Forward Repair Station
M4A1 Sherman Medium Tank
M4A1 76mm Conversion
Selects Heavy Weapons
Selects Assault Carriers
Selects Exchangeable Parts
Selects M26 Pershing Heavy Tank
M1 Anti-tank Gun Team
M26 Pershing Heavy Tank
Riflemen Squad
Riflemen Squad
M1 Anti-tank Gun Team
M18 Hellcat Tank Destroyer
M18 Hellcat Tank Destroyer
Selects M2HB .50cal Heavy Machine Gun
Rapid Repairs
M4A1(76) Sherman Medium Tank
marcmorn
J_Shizlet
KevinTDW
Павел NF
0
0
Comments
sign in to comment!
No comments posted yet!